 Dungeon Crawl Stone Soup version 0.23-a0-29-g1be82e5 (webtiles) character file.

14604 KyrpaJooseppi the Fiendish (level 11, -4/89 HPs)
             Began as a Mummy Artificer on Aug 1, 2018.
             Was a Priest of Makhleb.
             Slain by a yak (7 damage)
             ... on level 2 of the Lair of Beasts on Aug 3, 2018.
             The game lasted 00:35:07 (13392 turns).

KyrpaJooseppi the Fiendish (Mummy Artificer)       Turns: 13392, Time: 00:35:08

Health: -4/89      AC: 12    Str: 19    XL:     11   Next: 90%
Magic:  20/20      EV: 14    Int: 10    God:    Makhleb [***...]
Gold:   620        SH:  0    Dex: 13    Spells: 10/10 levels left

rFire    . . .     SeeInvis .   a - +3 falchion (flame)
rCold    + . .     Gourm    .   (no shield)
rNeg     + + +     Faith    .   c - +1 troll leather armour
rPois    ∞         Spirit   .   d - +0 helmet
rElec    .         Reflect  .   (no cloak)
rCorr    .         Harm     .   m - +0 pair of gloves
MR       +....                  (no boots)
Stlth    +.........             A - amulet of the acrobat
HPRegen  0.64/turn              F - ring of protection from fire
MPRegen  0.17/turn              P - +4 ring of protection

@: no status effects
A: no food or potions, fire vulnerability, cold resistance 1, negative energy
resistance 3, torment resistance, unbreathing
a: Minor Destruction, Lesser Servant of Makhleb, Renounce Religion


You were on level 2 of the Lair of Beasts.
You worshipped Makhleb.
Makhleb was most pleased with you.
You were not hungry.

You visited 3 branches of the dungeon, and saw 14 of its levels.

You collected 620 gold pieces.

Inventory:

Hand Weapons
 a - a +3 falchion of flaming (weapon)
 b - a +0 arbalest
 o - a +1 dagger of electrocution
Missiles
 f - 148 bolts
 n - a throwing net (quivered)
Armour
 c - a +1 troll leather armour (worn)
 d - a +0 helmet (worn)
 m - a +0 pair of gloves (worn)
 r - a +0 shield
Jewellery
 x - a cursed -2 ring of slaying {unknown}
 A - an amulet of the acrobat (around neck)
 F - a ring of protection from fire (left hand)
 L - an uncursed ring of flight
 P - a +4 ring of protection (right hand)
Wands
 e - a wand of enslavement (9)
 p - a wand of paralysis (5)
 v - a wand of digging (6)
Scrolls
 g - 5 scrolls of blinking
 h - a scroll of identify
 i - a scroll of amnesia
 j - 3 scrolls of teleportation
 k - 6 scrolls of magic mapping
 q - 3 scrolls of immolation
 s - a scroll of brand weapon
 t - 6 scrolls of remove curse
 w - a scroll of enchant armour


   Skills:
 - Level 9.5 Fighting
 - Level 0.7 Short Blades
 - Level 6.5 Armour
 - Level 4.8 Dodging
 - Level 0.7 Stealth
 + Level 12.5 Invocations
 - Level 2.4 Evocations


You had 10 spell levels left.
You didn't know any spells.
Your spell library contained the following spells:

 Spells                   Type           Power        Failure   Level  Hunger
 Confuse                  Hex            #.......     78%         3    N/A
 Pain                     Necr           #...         41%         1    N/A
 Spider Form              Tmut/Pois      #.........   78%         3    N/A
 Blade Hands              Tmut           #.........   100%        5    N/A
 Ice Form                 Ice/Tmut       #.......     99%         4    N/A
 Confusing Touch          Hex            #.....       41%         1    N/A
 Sticks to Snakes         Tmut           #.......     54%         2    N/A
 Metabolic Englaciation   Hex/Ice        #.........   100%        5    N/A
 Petrify                  Tmut/Erth      #.......     99%         4    N/A
 Beastly Appendage        Tmut           #.....       41%         1    N/A
 Gell's Gravitas          Tloc           #.........   78%         3    N/A
 Yara's Violent Unravell  Hex/Tmut       #.........   100%        5    N/A

Dungeon Overview and Level Annotations

Branches:
Dungeon (11/15)            Temple (1/1) D:5            Lair (2/6) D:8
  Swamp: Lair:2-4    Shoals: Lair:2-4     Snake: Lair:2-4    Spider: Lair:2-4
    Orc: D:9-12

Altars:
Ashenzari
Cheibriados
Dithmenos
Elyvilon
Fedhas
Gozag
Hepliaklqana
Kikubaaqudgha
Makhleb
Nemelex Xobeh
Okawaru
Qazlal
Ru
Sif Muna
Trog
Uskayaw
Vehumet
Wu Jian
Xom
Yredelemnul
Zin
The Shining One

Shops:
D:5 :

Annotations:
D:3 Sigmund


Innate Abilities, Weirdness & Mutations

You do not eat or drink.
Your flesh is vulnerable to fire.
You are immune to poison.
Your flesh is cold resistant. (rC+)
You are immune to negative energy. (rN+++)
You are immune to unholy pain and torment.
You can survive without breathing.


Message History

Unknown command.
Unknown command.
You swap places.
The yak gores you but does no damage. The yak closely misses your neqoxec.
Your ufetubus hits the yak.
Your ufetubus hits the yak but does no damage.
Your neqoxec barely misses the yak.
Unknown command.
Your ufetubus hits the yak. x2; The yak gores your ufetubus!
Your ufetubus dies!
The yak gores your neqoxec!
Your neqoxec hits the yak but does no damage.
Unknown command.
Your neqoxec gestures.
You hit the yak. You burn the yak.
The yak is almost dead.
The yak gores you!
* * * LOW HITPOINT WARNING * * *
Your neqoxec hits the yak but does no damage.
The yak gores you!
You die...

#....# . #... #....#### .. ...
#....... ... ##.# #.....##....
.### #..## #..Y.#......
..#P####...## #.........#
............########......Y..#
................Y35†.....P....#
##...........%..@Y.##.#...#....#
....#.....###.#....#####...#.#..%
..#....P..##.##....# #.........
.......##..#.##...## .........#
..P................# #.....P...
..P...............## ..........
....#≈≈.≈....≈.≈≈.# .......
....#P≈≈PP≈P≈PP≈P.#
#...#≈≈≈≈≈P≈≈≈P≈P.#


You could see 2 yaks, a friendly neqoxec and a friendly shadow imp.

Vanquished Creatures
  2 hydras
  A two-headed ogre (D:11)
  2 unseen horrors (D:11)
  Pikel (D:6)
  An oklob plant (Lair:1)
  A black mamba (Lair:1)
  A centaur skeleton (D:10)
  A spiny frog (Lair:1)
  A rime drake (Lair:1)
  2 komodo dragons
  A troll (D:10)
  A blink frog (Lair:1)
  2 dream sheep (D:10)
  2 hippogriffs (D:10)
  2 wyverns
  A wraith (D:11)
  8 yaks
  A vampire (D:9)
  4 hungry ghosts
  A soldier ant (D:11)
  3 water moccasins
  A porcupine (Lair:1)
  A swamp drake (D:8)
  An orc warrior (D:9)
  A black bear (D:6)
  3 sky beasts
  2 wolves (Lair:1)
  3 ogres
  3 centaurs
  7 crocodiles
  6 big kobolds
  6 bullfrogs
  A water moccasin skeleton (D:6)
  4 scorpions
  4 killer bees (D:11)
  3 howler monkeys (D:9)
  An electric eel (Lair:2)
  A bullfrog zombie (D:7)
  5 crimson imps
  2 centaur zombies
  3 quasits
  4 hounds
  2 orc priests
  2 bullfrog skeletons
  2 jellies (D:6)
  2 iguanas
  10 orc wizards
  7 worker ants
  A killer bee zombie (D:8)
  A hound zombie (D:7)
  A hound skeleton (D:8)
  4 gnolls (D:5)
  11 adders
  2 shadow imps
  An adder zombie (D:9)
  A worm (D:4)
  3 leopard geckos
  25 orcs
  5 giant cockroaches
  A goblin (D:2)
  11 hobgoblins
  11 jackals
  13 kobolds
  3 quokkas
  A ball python (D:2)
  10 bats
  A jackal skeleton (D:6)
  A quokka skeleton (D:9)
  A quokka zombie (D:5)
  6 rats
  A plant (D:10)
241 creatures vanquished.

Vanquished Creatures (collateral kills)
  2 oklob plants (Lair:1)
  3 blink frogs (Lair:1)
  A yak (Lair:2)
  A water moccasin (Lair:1)
  4 wolves (Lair:1)
  2 orcs (D:3)
  A frilled lizard (D:3)
14 creatures vanquished.

Vanquished Creatures (others)
  2 slaves (D:6)
  An orc wizard (D:4)
  2 orcs (D:3)
  A jackal (D:6)
  A plant (Lair:1)
7 creatures vanquished.

Grand Total: 262 creatures vanquished

Notes
Turn   | Place    | Note
-------+----------+-------------------------------------------
     0 | D:1      | KyrpaJooseppi the Mummy Artificer began the quest for the Orb.
     0 | D:1      | Reached XP level 1. HP: 15/15 MP: 2/2
   571 | D:1      | Reached XP level 2. HP: 22/22 MP: 3/3
  1201 | D:2      | Reached XP level 3. HP: 17/29 MP: 4/4
  2083 | D:2      | Reached skill level 1 in Armour
  2214 | D:3      | Reached XP level 4. HP: 18/35 MP: 5/5
  2543 | D:3      | Noticed Sigmund
  2889 | D:4      | Found a blossoming altar of Fedhas.
  2923 | D:4      | Found a shadowy altar of Dithmenos.
  2923 | D:4      | Found a bloodstained altar of Trog.
  2924 | D:4      | Found a hide-covered altar of Uskayaw.
  2924 | D:4      | Found a glowing silver altar of Zin.
  2924 | D:4      | Found a glowing golden altar of the Shining One.
  3023 | D:4      | Reached XP level 5. HP: 25/41 MP: 6/6
  3478 | D:4      | Reached XP level 6. HP: 45/47 MP: 7/7
  3682 | D:5      | Entered Level 5 of the Dungeon
  3682 | D:5      | Found a white marble altar of Elyvilon.
  3779 | D:5      | Upgraded the game from 0.23-a0-8-gb809bb7 to 0.23-a0-14-g8c9a20f
  4352 | D:5      | Found Avealol's Book Boutique.
  4400 | D:5      | Reached skill level 5 in Fighting
  4400 | D:5      | Reached XP level 7. HP: 56/56 MP: 8/8
  4862 | D:5      | Found a staircase to the Ecumenical Temple.
  4868 | Temple   | Entered the Ecumenical Temple
  4989 | Temple   | Became a worshipper of Makhleb the Destroyer
  5135 | D:6      | Noticed Pikel
  5163 | D:6      | Killed Pikel
  5163 | D:6      | Reached skill level 5 in Armour
  5163 | D:6      | Reached XP level 8. HP: 47/65 MP: 9/9
  6388 | D:6      | Found a glowing golden altar of the Shining One.
  6521 | D:7      | Reached * piety under Makhleb
  6890 | D:7      | Reached XP level 9. HP: 38/75 MP: 10/10
  7527 | D:7      | Found a radiant altar of Vehumet.
  7540 | D:7      | Found an ancient bone altar of Kikubaaqudgha.
  7563 | D:7      | Identified Kikubaaqudgha's Almanac of Stolen Souls
  7664 | D:7      | Found a deep blue altar of Sif Muna.
  7929 | D:7      | Found a shimmering altar of Xom.
  7929 | D:7      | Found a shattered altar of Ashenzari.
  8223 | D:8      | Upgraded the game from 0.23-a0-14-g8c9a20f to 0.23-a0-29-g1be82e5
  8302 | D:8      | Reached ** piety under Makhleb
  8899 | D:8      | Found a staircase to the Lair.
  9024 | D:9      | Found an opulent altar of Gozag.
  9051 | D:9      | Reached skill level 1 in Invocations
  9148 | D:9      | Reached skill level 2 in Invocations
  9201 | D:9      | Reached skill level 3 in Invocations
  9300 | D:9      | Got a ripped robe
  9301 | D:9      | Identified the +2 robe of Beogh's Outrage {*Corrode MR++} (You found it on level 9 of the Dungeon)
  9617 | D:9      | Reached skill level 4 in Invocations
 10185 | D:10     | Entered Level 10 of the Dungeon
 10186 | D:10     | Noticed a troll
 10194 | D:10     | Killed a troll
 10194 | D:10     | Reached XP level 10. HP: 73/83 MP: 13/13
 10402 | D:10     | Reached skill level 5 in Invocations
 10499 | D:10     | Reached skill level 6 in Invocations
 10820 | D:10     | Reached skill level 7 in Invocations
 10967 | D:10     | Reached skill level 8 in Invocations
 11045 | D:10     | Noticed a two-headed hydra
 11048 | D:10     | Killed a one-headed hydra
 11048 | D:10     | Reached skill level 9 in Invocations
 11194 | D:11     | Killed an unseen horror
 11194 | D:11     | Reached XP level 11. HP: 56/89 MP: 16/18
 11342 | D:11     | Reached *** piety under Makhleb
 11447 | D:11     | Killed an unseen horror
 11447 | D:11     | Reached skill level 10 in Invocations
 11644 | D:11     | Noticed a two-headed ogre
 11665 | D:11     | Killed a two-headed ogre
 11729 | D:11     | Noticed a skeletal warrior
 11731 | D:11     | Noticed a skeletal warrior
 11731 | D:11     | Noticed a skeletal warrior
 11731 | D:11     | Noticed a skeletal warrior
 11877 | Lair:1   | Entered Level 1 of the Lair of Beasts
 11921 | Lair:1   | Reached skill level 11 in Invocations
 12100 | Lair:1   | Noticed a four-headed hydra
 12120 | Lair:1   | Killed a one-headed hydra
 12306 | Lair:1   | Found a hide-covered altar of Uskayaw.
 12306 | Lair:1   | Noticed an oklob plant
 12395 | Lair:1   | Killed an oklob plant
 12648 | Lair:1   | Noticed an oklob plant
 12648 | Lair:1   | Noticed an oklob plant
 12687 | Lair:1   | Reached skill level 12 in Invocations
 13033 | Lair:1   | Killed an oklob plant
 13120 | Lair:1   | Killed an oklob plant
 13392 | Lair:2   | HP: 3/89 [yak (9)]
 13392 | Lair:2   | Slain by a yak

Vault maps used:
D:1:      elethiomel_arrival_infinity_welcomes_careful_drivers, serial_glass,
          glass_columns_b, glass_columns_c, glass_columns_a, glass_columns_a,
          glass_columns_a, glass_columns_a
D:3:      uniq_sigmund
D:4:      grunt_temple_overflow_open
D:5:      lemuel_round_altar, minmay_temple_entry_enclosed_plants, serial_shops,
          shop, first_ration
D:6:      cheibrodos_barr_body, tso_altar, uniq_pikel
D:7:      palyth_temple_overflow_mages, gammafunk_temple_overflow_elements
D:8:      erik_lair_dragon
D:9:      old_standard_altar
D:10:     hangedman_ranch
D:11:     serial_shops, shop
Temple:   nicolae_temple_figure_zero
Lair:1:   lemuel_oklob_altar, minmay_lair_oklob_chamber, grunt_megastairs_5,
          serial_bayou_shore_b
Lair:2:   spider_nest_entry_rubble, minmay_holes, beast_lair_carwin_3,
          serial_bayou_shore_a

Skill      XL: |  1  2  3  4  5  6  7  8  9 10 11 |
---------------+----------------------------------+-----
Fighting       | 2 3 5 6 8 9 |  9.5
Armour         | 1 2 3 4 5 6 |  6.5
Dodging        | 2 4 |  4.8
Invocations    | 4 9 12 | 12.5
Short Blades   | |  0.7
Stealth        | |  0.7
Evocations     | |  2.4

Action                   |  1- 3 |  4- 6 |  7- 9 | 10-12 || total
-------------------------+-------+-------+-------+-------++-------
Melee: Short sword       |   165 |    26 |       |       ||   191
       Rapier            |       |    71 |   241 |   142 ||   454
       Dagger            |       |    55 |   175 |    14 ||   244
       Falchion          |       |       |       |   293 ||   293
 Fire: Arbalest          |       |       |       |     5 ||     5
Invok: Minor Destruction |       |       |     8 |    40 ||    48
       Lesser Servant of |       |       |       |     9 ||     9
Evoke: Wand              |    20 |    12 |    22 |    19 ||    73
  Use: Scroll            |     2 |       |    11 |     5 ||    18
 Stab: Paralysed         |     5 |     7 |    22 |    40 ||    74
       Sleeping          |     1 |       |     2 |     1 ||     4
       Distracted        |       |       |       |     1 ||     1
Armor: Leather armour    |    40 |       |   108 |     4 ||   152
       Scale mail        |    21 |    49 |    65 |       ||   135
       Troll leather arm |       |       |       |   156 ||   156
Dodge: Dodged            |   121 |    71 |   277 |   359 ||   828
       Rpst.: Falchion   |       |       |       |    75 ||    75

Table legend:
 A = Spawn XP
 B = Non-spawn XP
 C = Spawn XP percentage of total XP
 D = Spawn monster count
 E = Non-spawn monster count
 F = Spawn count percentage of total count
 G = Total turns spent on level
                    A         B        C        D         E        F      G
               +---------+---------+-------+---------+---------+-------+---------
         Total |       0 |   20864 |   0.0 |       0 |     254 |   0.0 | 13392
               +---------+---------+-------+---------+---------+-------+---------
           D:1 |       0 |      29 |   0.0 |       0 |      17 |   0.0 |  1122
           D:2 |       0 |      63 |   0.0 |       0 |      23 |   0.0 |  1262
           D:3 |       0 |      24 |   0.0 |       0 |      13 |   0.0 |   503
           D:4 |       0 |     304 |   0.0 |       0 |      15 |   0.0 |  1027
           D:5 |       0 |     622 |   0.0 |       0 |      17 |   0.0 |  1254
           D:6 |       0 |    1326 |   0.0 |       0 |      18 |   0.0 |  1160
           D:7 |       0 |    1005 |   0.0 |       0 |      23 |   0.0 |  1631
           D:8 |       0 |    1076 |   0.0 |       0 |      23 |   0.0 |   933
           D:9 |       0 |    1073 |   0.0 |       0 |      17 |   0.0 |  1268
          D:10 |       0 |    4971 |   0.0 |       0 |      27 |   0.0 |   996
          D:11 |       0 |    4074 |   0.0 |       0 |      30 |   0.0 |   586
        Lair:1 |       0 |    5385 |   0.0 |       0 |      26 |   0.0 |  1422
        Lair:2 |       0 |     912 |   0.0 |       0 |       5 |   0.0 |    93
               +---------+---------+-------+---------+---------+-------+---------
